 Dungeon Crawl Stone Soup version 0.30-a0-385-gfebfb9b408 (webtiles) character file.

Game seed: 10838491506774720179

31279 Lobster4 the Frost Mage (level 13, -6/99 HPs)
             Began as a Human Ice Elementalist on Dec 2, 2022.
             Was an Initiate of Gozag.
             Mangled by a death yak (15 damage)
             ... on level 5 of the Lair of Beasts.
             The game lasted 00:47:40 (18439 turns).

Lobster4 the Frost Mage (Human Ice Elementalist)   Turns: 18439, Time: 00:47:41

Health: -6/99      AC: 20    Str:  8    XL:     13   Next: 95%
Magic:  5/25       EV: 12    Int: 26    God:    Gozag
Gold:   2388       SH:  5    Dex: 18    Spells: 11/28 levels left

rFire   + + .      SeeInvis .    a - +10 sling "Qibbud" {flame, rF+}
rCold   . . .      Faith    .    S - +0 buckler
rNeg    + . .      Spirit   .    B - +3 leather armour "Jaomeg" {rN+ Int+4}
rPois   +          Reflect  .    (no helmet)
rElec   .          Harm     .    H - +0 cloak
rCorr   .          Rampage  .    o - +1 pair of gloves
Will    .....                    l - +1 pair of boots
Stlth   ++........               Q - amulet of regeneration
HPRegen 1.16/turn                f - ring of protection from fire
MPRegen 0.19/turn                R - ring of Nistreuz {rPois Dex+5}

@: ice-armoured, about to teleport, freezing walls
A: no striking features
a: Renounce Religion, Potion Petition, Call Merchant, Bribe Branch


You were on level 5 of the Lair of Beasts.
You worshipped Gozag.
Gozag was most pleased with you.
You visited 4 branches of the dungeon, and saw 19 of its levels.

You collected 3318 gold pieces.
You spent 800 gold pieces at shops.
You paid 130 gold pieces to Gozag.

Inventory:

Hand Weapons
 a - the +10 sling "Qibbud" (weapon) {flame, rF+}
   (You bought it in a shop on level 6 of the Dungeon)

   Any ammunition fired from it burns those it strikes, dealing additional fire
   damage.
   rF:        It protects you from fire.
 b - a +2 dagger of electrocution
 n - a +2 long sword of holy wrath
 x - a +3 sling
 z - a +0 shortbow
 E - the +6 battleaxe "Embalmer" {vorpal, Fly rPois}
   (You found it on level 7 of the Dungeon)

   It inflicts extra damage upon your enemies.
   rPois:     It protects you from poison.
   Fly:       It grants you flight.
 G - a +2 dagger of venom
 J - a +0 shortbow of flaming
Missiles
 c - 3 silver javelins
 h - 2 atropa-tipped darts
 i - 3 boomerangs of dispersal
 j - 19 poisoned darts
 p - 10 curare-tipped darts
 t - 12 boomerangs
 w - 3 throwing nets
 N - 5 javelins
Armour
 k - a +0 ring mail
 l - a +1 pair of boots (worn)
 o - a +1 pair of gloves (worn)
 B - the +3 leather armour "Jaomeg" (worn) {rN+ Int+4}
   (You found it on level 6 of the Dungeon)

   Int:       It affects your intelligence (+4).
   rN:        It protects you from negative energy.
 H - a +0 cloak (worn)
 I - a +1 leather armour of fire resistance
 S - a +0 buckler (worn)
Jewellery
 f - a ring of protection from fire (left hand)
 F - a ring of see invisible
 Q - an amulet of regeneration (around neck)
 R - the ring of Nistreuz (right hand) {rPois Dex+5}
   (You found it on level 2 of the Lair of Beasts)

   [ring of poison resistance]

   Dex:       It affects your dexterity (+5).
   rPois:     It protects you from poison.
 T - the dreamshard necklace {*Dream Drain}
   (You found it on level 2 of the Lair of Beasts)

   [amulet of nothing]

   It shatters if its wearer takes lethal or near-lethal damage, preventing the
   blow and releasing protective dreams that heal and fight for the wearer.
   Drain:     It drains your maximum health when unequipped.
Wands
 s - a wand of flame (19)
 v - a wand of charming (26)
 U - a wand of polymorph (3)
Scrolls
 g - 3 scrolls of magic mapping
 q - 3 scrolls of enchant weapon
 y - 7 scrolls of poison
 A - 2 scrolls of butterflies
 C - 3 scrolls of amnesia
 L - 2 scrolls of teleportation
 O - a scroll of fear
 P - 4 scrolls of identify
 W - a scroll of enchant armour
Potions
 d - 6 potions of curing
 e - a potion of magic
 m - a potion of flight
 r - 4 potions of might
 u - 3 potions of brilliance
 D - a potion of lignification
 K - 4 potions of haste
 M - 2 potions of berserk rage
 V - 4 potions of heal wounds


   Skills:
 + Level 8.4 Fighting
 - Level 2.0 Short Blades
 * Level 11.1 Ranged Weapons
 - Level 1.0 Throwing
 - Level 6.0 Armour
 - Level 3.0 Dodging
 - Level 2.0 Stealth
 + Level 3.8 Shields
 + Level 8.1 Spellcasting
 - Level 3.0 Hexes
 - Level 5.0 Summonings
 * Level 12.7 Ice Magic
 + Level 1.4 Earth Magic
 - Level 3.0 Evocations


You had 11 spell levels left.
You knew the following spells:

 Your Spells              Type           Power      Damage    Failure   Level
a - Freeze                Ice            100%       1d10      1%          1
b - Frozen Ramparts       Ice            100%       1d16      1%          3
c - Ozocubu's Armour      Ice            67%        N/A       1%          3
d - Summon Ice Beast      Ice/Summ       54%        N/A       2%          4
e - Ensorcelled Hibernat  Hex/Ice        100%       N/A       1%          2
f - Animate Armour        Summ/Erth      54%        N/A       26%         4

Your spell library contained the following spells:

 Spells                   Type           Power      Damage    Failure   Level
 Summon Small Mammal      Summ           100%       N/A       1%          1
 Apportation              Tloc           20%        N/A       10%         1
 Necrotise                Necr           40%        1d6       10%         1
 Dazzling Flash           Conj/Hex       36%        N/A       16%         3
 Spider Form              Tmut/Pois      10%        N/A       30%         3
 Anguish                  Hex/Necr       9%         N/A       47%         4
 Iskenderun's Mystic Bla  Conj/Tloc      10%        2d4       69%         4
 Silence                  Hex/Air        9%         N/A       83%         5
 Agony                    Necr           10%        N/A       95%         5
 Blade Hands              Tmut           5%         N/A       95%         5
 Iron Shot                Conj/Erth      7%         9d2       100%        6
 Starburst                Conj/Fire      5%         6d4       100%        6
 Chain Lightning          Conj/Air       5%         3d6       100%        9
 Fire Storm               Conj/Fire      5%         8d1       100%        9
 Shatter                  Erth           9%         3d11*     100%        9


Dungeon Overview and Level Annotations

Branches:
Dungeon (12/15)            Temple (1/1) D:7            Lair (5/5) D:9
  Swamp (0/4) Lair:2        Snake (0/4) Lair:3        Slime (0/5) Lair:5
    Orc (1/2) D:10

Altars:
Ashenzari
Cheibriados
Dithmenos
Elyvilon
Fedhas
Gozag
Hepliaklqana
Kikubaaqudgha
Makhleb
Nemelex Xobeh
Okawaru
Qazlal
Ru
Sif Muna
Trog
Uskayaw
Vehumet
Wu Jian
Xom
Yredelemnul
Zin
The Shining One
Jiyva

Shops:
D:6 (

Annotations:
D:7 2 transporters, DeathPants's ghost, novice VSIE
D:9 1 exclusion
D:11 3 runed translucent doors, exclusion: boulder beetle, sirJeffrey23's ghost, journeyman DrFE


Message History

The death yak is distracted by your dazzling golden aura.
The wall freezes the death yak!
As you read the scroll of teleportation, it crumbles to dust.
You feel strangely unstable.
The wall freezes the death yak!
The death yak gores you.
The wall freezes the death yak!
The wall freezes the death yak.
The death yak is no longer distracted by gold.
The death yak bellows!
The death yak gores you!
The wall freezes the death yak!
The death yak bellows!
You shoot a sling bullet. The sling bullet hits the death yak!
The sling bullet burns the death yak.
The death yak is severely wounded.
The frozen ramparts melt away.
You block the death yak's attack.
The death yak gores you but does no damage.
You shoot a sling bullet. The sling bullet hits the death yak!
The sling bullet burns the death yak.
The death yak is almost dead.
The death yak gores you but does no damage.
The death yak gores you!
The death yak gores you but does no damage.
You shoot a sling bullet. The sling bullet hits the death yak.
The sling bullet burns the death yak.
The death yak is almost dead.
The death yak is no longer distracted by gold.
The death yak gores you!
* * * LOW HITPOINT WARNING * * *
The death yak gores you but does no damage.
You block the death yak's attack.
Casting: Freeze (safe; 1% risk of failure)
Confirm with . or Enter, or press ? or * to list all spells.
Casting: Frozen Ramparts (safe; 1% risk of failure)
Press: ? - help, Dir - look around, f - activate The walls around you are covered in ice.
The wall freezes the death yak but does no damage.
The death yak gores you!
* * * LOW HITPOINT WARNING * * *
The wall freezes the death yak!
The death yak gores you!
You die...
Your body crumbles into a pile of gold.

#YY.!.....
#Y.......
##.......#
#.$.....?##
#.....[...#
.P##...Y.#
###$.## ##Y$$.#
#.#@#..P## #####
#..YYY...###..#.#
#..............#
#..............#
#.#P#....#..#..##
#####...P#.#[###
##..P###.## .
####..P#P...#.#
..
##.#P..........#


You could see 5 death yaks.

Vanquished Creatures
  A hydra (Lair:5)
  A catoblepas (Lair:3)
  2 two-headed ogres
  2 boulder beetles
  A death yak (Lair:5)
  Pikel (D:7)
  A deep elf pyromancer (D:10)
  2 manticores
  4 elephants
  5 black mambas
  5 cane toads
  6 komodo dragons
  A kobold demonologist (D:8)
  A rime drake (Lair:3)
  4 trolls
  3 polar bears
  5 blink frogs
  A hornet (D:10)
  Prince Ribbit (D:8)
  5 dream sheep
  A spriggan (Lair:2)
  2 shadows (D:11)
  A wraith (D:11)
  33 yaks
  2 vampires
  2 wyverns
  7 vampire mosquitoes
  A steam dragon (D:8)
  5 basilisks (Lair:3)
  2 nagas (Lair:3)
  2 acid dragons
  15 water moccasins
  3 black bears
  3 orc warriors
  2 ice beasts
  3 wolves (Lair:2)
  2 ogres
  5 centaurs
  3 lemures (D:7)
  5 kobold brigands (D:8)
  11 bullfrogs
  2 scorpions
  4 wights (D:9)
  3 killer bees (D:10)
  2 howler monkeys
  2 electric eels (Lair:4)
  A gnoll bouda (D:6)
  11 orc priests
  A hound (D:5)
  6 jellies
  Jessica (D:3)
  Natasha (thrice) (D:3)
  2 iguanas
  13 orc wizards
  5 hell rats (Lair:4)
  A statue (D:7)
  4 gnolls (D:6)
  12 adders
  2 shadow imps (D:6)
  A white imp (D:7)
  2 ufetubi
  A worm (D:3)
  2 dart slugs
  52 orcs
  7 ball pythons
  A bat (D:2)
  3 endoplasms
  4 giant cockroaches
  11 goblins
  10 hobgoblins
  A jackal (D:3)
  5 kobolds
  3 quokkas
  3 training dummies (D:6)
  3 frilled lizards
  5 rats
  A butterfly (Lair:1)
352 creatures vanquished.

Vanquished Creatures (collateral kills)
  A hydra (Lair:2)
  A blink frog (Lair:5)
  2 yaks
  An acid dragon (D:12)
  A water moccasin (Lair:2)
  An electric eel (Lair:4)
  2 butterflies (Lair:1)
9 creatures vanquished.

Vanquished Creatures (others)
  5 fungi
  19 plants
24 creatures vanquished.

Grand Total: 385 creatures vanquished

Notes
Turn   | Place    | Note
-------+----------+-------------------------------------------
     0 | D:1      | Lobster4 the Human Ice Elementalist began the quest for the
                  | Orb.
     0 | D:1      | Reached XP level 1. HP: 13/13 MP: 3/3
   214 | D:1      | Reached XP level 2. HP: 20/20 MP: 1/5
   977 | D:2      | Reached skill level 1 in Fighting
   977 | D:2      | Reached XP level 3. HP: 26/26 MP: 4/6
  1008 | D:2      | Reached skill level 1 in Armour
  1252 | D:2      | Reached XP level 4. HP: 29/32 MP: 7/7
  1986 | D:3      | Noticed Jessica
  1994 | D:3      | Killed Jessica
  1995 | D:3      | Reached skill level 1 in Ranged Weapons
  1995 | D:3      | Reached XP level 5. HP: 33/37 MP: 5/8
  2023 | D:3      | Found a sacrificial altar of Ru.
  2091 | D:3      | Noticed Natasha
  2194 | D:3      | Learned a level 3 spell: Frozen Ramparts
  2255 | D:3      | Killed Natasha
  2398 | D:3      | Reached skill level 5 in Ice Magic
  2574 | D:3      | Reached XP level 6. HP: 44/44 MP: 10/10
  2658 | D:3      | Noticed Natasha
  2665 | D:3      | Killed Natasha
  2677 | D:3      | Noticed Natasha
  2680 | D:3      | Killed Natasha
  2954 | D:4      | Found a shimmering altar of Xom.
  2975 | D:4      | Noticed a black bear
  3290 | D:4      | Reached XP level 7. HP: 51/51 MP: 11/11
  3696 | D:5      | Entered Level 5 of the Dungeon
  3705 | D:5      | Reached skill level 6 in Ice Magic
  4438 | D:6      | Noticed a yak
  4438 | D:6      | Noticed a yak
  4438 | D:6      | Noticed a yak
  4445 | D:5      | Killed a yak
  4446 | D:5      | Reached XP level 8. HP: 11/58 MP: 5/13
  4447 | D:5      | Killed a yak
  4824 | D:6      | Reached skill level 7 in Ice Magic
  4947 | D:6      | Identified the +3 leather armour "Jaomeg" {rN+ Int+4}
  4963 | D:6      | Learned a level 3 spell: Ozocubu's Armour
  4968 | D:6      | Learned a level 4 spell: Summon Ice Beast
  5135 | D:6      | Killed a yak
  5137 | D:6      | Reached skill level 1 in Summonings
  5137 | D:6      | Reached XP level 9. HP: 61/65 MP: 7/15
  5399 | D:6      | Found Echanek's Firing Range.
  5795 | D:7      | Found a burning altar of Makhleb.
  5833 | D:7      | Noticed Pikel
  5976 | D:7      | Killed Pikel
  5977 | D:7      | Reached skill level 8 in Ice Magic
  6249 | D:7      | Found a radiant altar of Vehumet.
  6254 | D:7      | Reached skill level 5 in Ranged Weapons
  6278 | D:7      | Found a staircase to the Ecumenical Temple.
  6288 | Temple   | Entered the Ecumenical Temple
  6434 | Temple   | Became a worshipper of Gozag Ym Sagoz the Greedy
  6451 | D:7      | Noticed a purple ugly thing
  6451 | D:7      | Noticed a hornet
  6455 | D:7      | Noticed DeathPants's ghost (novice VSIE)
  6515 | D:7      | Identified the +6 battleaxe "Embalmer" {vorpal, Fly rPois}
  6575 | D:7      | Found a transporter.
  6578 | D:7      | Found a transporter.
  7084 | D:8      | Found a sparkling altar of Nemelex Xobeh.
  7131 | D:8      | Found a hazy altar of Hepliaklqana.
  7402 | D:8      | Noticed a kobold demonologist
  7407 | D:8      | Noticed Prince Ribbit
  7410 | D:8      | Killed a kobold demonologist
  7411 | D:8      | Reached skill level 1 in Short Blades
  7411 | D:8      | Reached skill level 5 in Spellcasting
  7411 | D:8      | Reached XP level 10. HP: 70/73 MP: 8/17
  7414 | D:8      | Reached skill level 5 in Fighting
  7416 | D:8      | Killed Prince Ribbit
  7432 | D:8      | Noticed a two-headed ogre
  7485 | D:8      | Reached skill level 5 in Armour
  7713 | D:8      | Found a shimmering blue altar of Sif Muna.
  7773 | D:8      | Killed a two-headed ogre
  7774 | D:8      | Reached skill level 9 in Ice Magic
  8242 | D:9      | Reached skill level 1 in Throwing
  8242 | D:9      | Reached skill level 1 in Evocations
  8731 | D:9      | Found a snail-covered altar of Cheibriados.
  8731 | D:9      | Found a basalt altar of Yredelemnul.
  8859 | D:9      | Found a staircase to the Lair.
  8860 | D:9      | Noticed a komodo dragon
  8883 | D:9      | Killed a komodo dragon
  9081 | D:9      | Found a glowing silver altar of Zin.
  9415 | D:6      | Bought the +10 sling "Qibbud" {flame, rF+} for 800 gold
                  | pieces
  9516 | D:10     | Entered Level 10 of the Dungeon
  9558 | D:10     | Reached XP level 11. HP: 66/81 MP: 9/19
  9916 | D:10     | Found a staircase to the Orcish Mines.
 10023 | D:10     | Noticed a deep elf pyromancer
 10028 | D:10     | Killed a deep elf pyromancer
 11075 | D:11     | Found a runed translucent gate.
 11075 | D:11     | Found a runed translucent gate.
 11075 | D:11     | Found a runed translucent gate.
 11082 | D:11     | Noticed a two-headed ogre
 11127 | D:11     | Found an iron altar of Okawaru.
 11298 | D:11     | Noticed sirJeffrey23's ghost (journeyman DrFE)
 11299 | D:11     | Noticed a minotaur
 11416 | D:11     | Noticed a two-headed ogre
 11430 | D:11     | Killed a two-headed ogre
 11431 | D:11     | Reached skill level 10 in Ice Magic
 11573 | D:11     | Noticed a boulder beetle
 11646 | D:11     | Noticed a manticore
 11662 | D:11     | Killed a manticore
 12667 | D:12     | Noticed a manticore
 12686 | D:12     | Killed a manticore
 12773 | D:12     | Reached XP level 12. HP: 68/89 MP: 16/21
 12866 | D:12     | Noticed a boulder beetle
 12879 | D:12     | Killed a boulder beetle
 12880 | D:12     | Reached skill level 5 in Summonings
 13081 | Orc:1    | Entered Level 1 of the Orcish Mines
 13220 | Lair:1   | Entered Level 1 of the Lair of Beasts
 13793 | Lair:1   | Reached skill level 11 in Ice Magic
 13796 | Lair:1   | Learned a level 2 spell: Ensorcelled Hibernation
 14596 | Lair:2   | Reached skill level 1 in Hexes
 14716 | Lair:2   | Identified the ring of Nistreuz {rPois Dex+5}
 15245 | Lair:2   | Noticed a six-headed hydra
 15265 | Lair:2   | Killed a six-headed hydra
 15266 | Lair:2   | Reached skill level 1 in Shields
 15354 | Lair:2   | Found a staircase to the Swamp.
 15696 | Lair:2   | Found the dreamshard necklace {*Dream Drain}
 15710 | Lair:2   | Reached XP level 13. HP: 36/96 MP: 6/23
 16007 | Lair:3   | Noticed a catoblepas
 16018 | Lair:3   | Reached skill level 10 in Ranged Weapons
 16037 | Lair:3   | Killed a catoblepas
 16050 | Lair:3   | Reached skill level 12 in Ice Magic
 16538 | Lair:3   | Found a staircase to the Snake Pit.
 16649 | Lair:3   | You fall into a shaft and drop 1 floor!
 17966 | Lair:4   | Learned a level 4 spell: Animate Armour
 17994 | Lair:5   | Entered Level 5 of the Lair of Beasts
 18131 | Lair:5   | Found a viscous altar of Jiyva.
 18132 | Lair:5   | Found a staircase to the Slime Pits.
 18164 | Lair:5   | Noticed a five-headed hydra
 18185 | Lair:5   | Killed a five-headed hydra
 18287 | Lair:5   | Reached skill level 1 in Earth Magic
 18439 | Lair:5   | Mangled by a death yak

Illustrated notes

Levels and vault maps discovered:
D:1:      roderic_crossed_star, layout_basic, shapermc_ecumenical_altar_petra
D:2:      layout_loops_ring
D:3:      minmay_razor_zed, layout_rooms, mainiacjoe_overflow_alcove_1,
          uniq_jessica, uniq_natasha
D:4:      layout_loops_ring, xom_teletrap_fun
D:5:      layout_basic, palyth_stone_intersect
D:6:      layout_loops_ring, nicolae_shop_firing_range
D:7:      layout_loops_cross, vehumet_statue,
          mainiacjoe_overflow_small_starburst, minmay_temple_entry_grid,
          gammafunk_ghost_arena, uniq_pikel
D:8:      layout_loops_cross, mainiacjoe_overflow_cross_hatched,
          overflow_temple_1_default, nemelex_spade_bored_becter,
          uniq_prince_ribbit1
D:9:      layout_irregular_city, zin_treasury, jmf_multi_god_temple,
          david_lair_shrubbed
D:10:     layout_irregular_city, david_orc_5
D:11:     layout_long_grid, maelrawn_ghost_gauntlet_escape, okawaru_trees_2
D:12:     layout_rooms
Temple:   hellmonk_temple_flake
Lair:1:   layout_cave_pods, beast_lair_carwin_5, lemuel_fruit_fields,
          lemuel_fruit_fields
Lair:2:   nzn_winding_woodlands_three_and_one
          [nzn_winding_woodlands_5x15_crooked,
          nzn_winding_woodlands_5x15_river_crossing,
          nzn_winding_woodlands_5x15_garden,
          nzn_winding_woodlands_center_triple_pond], layout_hall_layers,
          minmay_swamp_entry_reptiles, grunt_forest_large_clearing_hut
Lair:3:   layout_roguey, guppyfry_snake_entry_garden,
          kennysheep_basilisk_garden, grunt_megastairs_2
Lair:4:   layout_regular_city, serial_bayou_lake_a
Lair:5:   cheibrodos_lair_end_hotspot, layout_small_grid, slime_entry_1
Orc:1:    layout_diamond_mine

Skill      XL: |  1  2  3  4  5  6  7  8  9 10 11 12 13 |
---------------+----------------------------------------+-----
Fighting       | 1 2 3 4 5 6 7 8 |  8.4
Armour         | 1 2 3 4 5 6 |  6.0
Ranged Weapons | 1 2 3 5 6 8 9 11 | 11.1
Ice Magic      | 5 6 7 8 9 10 11 12 | 12.7
Spellcasting   | 3 4 5 6 7 8 |  8.1
Summonings     | 1 2 3 4 5 |  5.0
Short Blades   | 1 2 |  2.0
Throwing       | 1 |  1.0
Evocations     | 1 3 |  3.0
Dodging        | 3 |  3.0
Hexes          | 2 3 |  3.0
Shields        | 1 3 |  3.8
Earth Magic    | 1 |  1.4
Stealth        | |  2.0

Action                   |  1- 3 |  4- 6 |  7- 9 | 10-12 | 13-15 || total
-------------------------+-------+-------+-------+-------+-------++-------
Melee: Hand axe          |    28 |       |       |       |       ||    28
 Fire: Sling             |    33 |   151 |   177 |   292 |   177 ||   830
 Cast: Freeze            |    18 |    19 |    38 |   138 |    47 ||   260
       Frozen Ramparts   |       |     2 |    23 |    49 |    19 ||    93
       Ozocubu's Armour  |       |       |       |    32 |     9 ||    41
       Summon Ice Beast  |       |       |       |    13 |     5 ||    18
  Use: Scroll            |     6 |     5 |     7 |     7 |     4 ||    29
       Potion            |       |       |     1 |       |     2 ||     3
 Stab: Sleeping          |     4 |       |       |       |       ||     4
Armor: Robe              |    10 |    32 |       |       |       ||    42
       Leather armour    |       |       |    38 |   104 |    51 ||   193
Dodge: Dodged            |    44 |    51 |    82 |   140 |    50 ||   367
Block: Buckler           |       |       |       |       |     4 ||     4

Table legend: (Time is in decaauts)
 A = Elapsed time spent in this place.
 B = Non-inter-level travel time spent in this place.
 C = Inter-level travel time spent in this place.
 D = Time resting spent in this place.
 E = Time spent auto-exploring this place.
 F = Levels seen in this place.
 G = Mean time per level.
                   A        B        C        D        E       F      G
               +--------+--------+--------+--------+--------+-----+--------+
         Total |  18591 |  17716 |    875 |   1946 |  12895 |  19 |  978.5 |
       Dungeon |  13195 |  12453 |    742 |   1781 |   8639 |  12 | 1099.6 |
        Temple |    156 |    147 |      9 |      0 |    124 |   1 |  156.0 |
          Lair |   5232 |   5109 |    123 |    165 |   4132 |   5 | 1046.4 |
  Orcish Mines |      6 |      6 |      0 |      0 |      0 |   1 |    6.0 |
               +--------+--------+--------+--------+--------+-----+--------+

Top non-repeatable levels by time:
    D:10: 1512 daAuts
  Lair:2: 1462 daAuts
     D:7: 1389 daAuts
    D:11: 1282 daAuts
  Lair:1: 1185 daAuts
     D:9: 1185 daAuts
  Lair:4: 1181 daAuts
     D:3: 1134 daAuts
     D:8: 1077 daAuts
     D:5: 1069 daAuts
     D:6: 1035 daAuts
     D:4: 972 daAuts
  Lair:3: 961 daAuts
     D:1: 951 daAuts
    D:12: 868 daAuts
